 Dungeon Crawl Stone Soup version 0.22-a0-117-g314b907 (webtiles) character file.

47 KristoblXynda the Insei (level 3, -1/33 HPs)
             Began as a Draconian Monk on Jan 29, 2018.
             Slain by a kobold
             ... wielding a +0 short sword
              (2 damage)
             ... on level 2 of the Dungeon.
             The game lasted 00:01:33 (902 turns).

KristoblXynda the Insei (Draconian Monk)             Turns: 902, Time: 00:01:33

Health: -1/33      AC:  5    Str: 13    XL:     3   Next: 48%
Magic:  3/3        EV: 13    Int: 11    God:
Gold:   88         SH:  0    Dex: 13    Spells: 2/2 levels left

rFire    . . .     SeeInvis .     - Unarmed
rCold    . . .     Gourm    .   (no shield)
rNeg     . . .     Faith    .   (armour unavailable)
rPois    .         Spirit   .   (helmet restricted)
rElec    .         Reflect  .   (no cloak)
rCorr    .         Harm     .   (no gloves)
MR       .....                  (no boots)
Stlth    ++........             (no amulet)
HPRegen  0.11/turn              (no ring)
MPRegen  0.08/turn              (no ring)

@: lethally poisoned (-1 -> -4)
A: unfitting armour, cold-blooded, AC +5
a: no special abilities


You were on level 2 of the Dungeon.
You were not hungry.

You visited 1 branch of the dungeon, and saw 2 of its levels.

You collected 88 gold pieces.

Inventory:

Scrolls
 d - a scroll of teleportation {unknown}
Potions
 b - 3 potions of lignification {unknown}
 c - a potion of haste {unknown}
 e - a potion of berserk rage {unknown}
 f - a potion of cancellation {unknown}
Comestibles
 a - 2 rations


   Skills:
 + Level 3.7 Fighting
 + Level 3.1 Dodging
 - Level 1.7 Stealth
 * Level 3.9 Unarmed Combat


You had 2 spell levels left.
You didn't know any spells.

Dungeon Overview and Level Annotations

Branches:
Dungeon (2/15)

Altars:


Innate Abilities, Weirdness & Mutations

Your plain brown scales are hard. (AC +5)
You cannot fit into any form of body armour.
You are cold-blooded and may be slowed by cold attacks.


Message History

The kobold hits you with a short sword. The adder bites you but does no damage.
You closely miss the adder.
Your tail-slap misses the adder.
The adder is moderately wounded.
You feel sick. The kobold hits you with a short sword.
* * * LOW HITPOINT WARNING * * *
The adder bites you but does no damage.
You barely miss the adder.
The adder is moderately wounded.
The adder misses you. The kobold hits you with a short sword.
* * * LOW HITPOINT WARNING * * *
You hit the adder.
The adder is heavily wounded.
The adder barely misses you. The kobold hits you with a short sword.
* * * LOW HITPOINT WARNING * * *
The adder misses you.
You hit the adder.
You kill the adder!
* * * LOW HITPOINT WARNING * * *
You feel sick. The kobold hits you with a short sword.
You die...

#.####### ........#
..##.##.# ###
...#..... ..# ....#
#.# #.# ...## # #.#
..#####.# #.#
........# ###.####
#.####### #(...@(#
#'## #.####K......
...## #.# ##.#.#.
....########.# #
...........>.#
.(....####...########
......+..............
<.....###....########
......# #.#.##


You could see a kobold.

Vanquished Creatures
  An adder (D:2)
  A dart slug (D:1)
  2 leopard geckos
  2 ball pythons (D:1)
  A bat (D:1)
  2 giant cockroaches (D:1)
  2 goblins (D:1)
  8 hobgoblins
  A quokka (D:2)
  5 kobolds
  5 rats
30 creatures vanquished.

Notes
Turn   | Place    | Note
-------+----------+-------------------------------------------
     0 | D:1      | KristoblXynda the Draconian Monk began the quest for the Orb.
     0 | D:1      | Reached XP level 1. HP: 19/19 MP: 1/1
   199 | D:1      | Reached XP level 2. HP: 24/26 MP: 2/2
   637 | D:1      | Reached XP level 3. HP: 27/31 MP: 3/3
   902 | D:2      | HP: 1/33 [poisoned by an adder]
   902 | D:2      | Slain by a kobold

Vault maps used:
D:1:      saegor_arrival_miasma
D:2:      fedhas_altar_3, tgw_trog, kennysheep_slug_shrine,
          minmay_misc_feat_hallway

Skill      XL: |  1  2 |
---------------+-------+-----
Dodging        | 3 |  3.1
Fighting       | |  3.7
Stealth        | |  1.7
Unarmed Combat | |  3.9

Action                   || total
-------------------------++-------
Melee: Unarmed           ||   126
       Tailslap          ||    10
 Stab: Sleeping          ||     4
Armor: Skin              ||    27
Dodge: Dodged            ||    98

Table legend:
 A = Spawn XP
 B = Non-spawn XP
 C = Spawn XP percentage of total XP
 D = Spawn monster count
 E = Non-spawn monster count
 F = Spawn count percentage of total count
 G = Total turns spent on level
                    A         B        C        D         E        F      G
               +---------+---------+-------+---------+---------+-------+---------
         Total |       0 |      68 |   0.0 |       0 |      30 |   0.0 |   902
               +---------+---------+-------+---------+---------+-------+---------
           D:1 |       0 |      41 |   0.0 |       0 |      21 |   0.0 |   709
           D:2 |       0 |      27 |   0.0 |       0 |       9 |   0.0 |   193
               +---------+---------+-------+---------+---------+-------+---------
